 Dungeon Crawl Stone Soup version 0.27-a0-1186-g8b4daa1eef (webtiles) character file.

Game seed: 8055869336797773783

590 bisexualwizard the Cleaver (level 7, -4/60 HPs)
             Began as a Hill Orc Abyssal Knight on May 19, 2021.
             Was a Believer of Lugonu.
             Killed by nerve-wracking pain
             ... invoked by an orc priest
              (11 damage)
             ... on level 5 of the Dungeon.
             The game lasted 00:13:44 (7136 turns).

bisexualwizard the Cleaver (HOAK)                   Turns: 7136, Time: 00:13:44

Health: -4/60      AC:  9    Str: 23      XL:     7   Next: 39%
Magic:  10/10      EV: 11    Int:  9 (12) God:    Lugonu [**....]
Gold:   206        SH:  0    Dex:  9 (10) Spells: 6/6 levels left

rFire    . . .     SeeInvis +   a - +2 hand axe
rCold    . . .     Faith    .   (no shield)
rNeg     . . .     Spirit   .   o - +0 ring mail
rPois    .         Reflect  .   g - +2 hat
rElec    +         Harm     .   (no cloak)
rCorr    .         Rampage  .   m - +1 pair of gloves
Will     .....                  (no boots)
Stlth    ..........             (no amulet)
HPRegen  0.20/turn              j - +6 ring of strength
MPRegen  0.12/turn              h - ring of see invisible

@: hasted, very quick
A: deterioration 1, electricity resistance
a: Renounce Religion, Convert to Beogh, Depart the Abyss, Bend Space


You were on level 5 of the Dungeon.
You worshipped Lugonu.
Lugonu was pleased with you.
You visited 1 branch of the dungeon, and saw 5 of its levels.
You visited the Abyss 1 time.

You collected 206 gold pieces.

Inventory:

Hand Weapons
 a - a +2 hand axe (weapon)
Armour
 d - a +0 helmet
 g - a +2 hat (worn)
 m - a +1 pair of gloves (worn)
 o - a +0 ring mail (worn)
Jewellery
 h - a ring of see invisible (right hand)
 j - a +6 ring of strength (left hand)
 p - a ring of protection from cold
Scrolls
 f - a scroll of blinking
 l - a scroll of magic mapping {unknown}
 n - a scroll of enchant armour
 q - a scroll of acquirement {unknown}
 r - a scroll of immolation {unknown}
Potions
 b - a potion of curing
 e - a potion of ambrosia
 i - 2 potions of flight {unknown}


   Skills:
 + Level 4.8 Fighting
 * Level 8.6 Axes
 - Level 2.1 Armour
 + Level 2.1 Dodging
 * Level 4.1 Invocations


You had 6 spell levels left.
You didn't know any spells.
Your spell library contained the following spells:

 Spells                   Type           Power      Damage    Failure   Level
 Corona                   Hex            0%         N/A       54%         1
 Sandblast                Erth           0%         2d4       54%         1
 Ensorcelled Hibernation  Hex/Ice        0%         N/A       67%         2
 Passwall                 Tmut/Erth      0%         N/A       67%         2
 Confusing Touch          Hex            0%         N/A       88%         3
 Dazzling Flash           Conj/Hex       0%         N/A       88%         3
 Gell's Gravitas          Tloc           0%         N/A       88%         3
 Stone Arrow              Conj/Erth      0%         3d7       88%         3
 Tukima's Dance           Hex            0%         N/A       88%         3
 Petrify                  Tmut/Erth      0%         N/A       99%         4
 Lee's Rapid Deconstruct  Erth           0%         3d5*      100%        5
 Metabolic Englaciation   Hex/Ice        0%         N/A       100%        5
 Yara's Violent Unravell  Hex/Tmut       0%         3d3       100%        5


Dungeon Overview and Level Annotations

Branches:
Dungeon (5/15)             Temple (0/1) D:4

Altars:
Nemelex Xobeh


Innate Abilities, Weirdness & Mutations

Your body sometimes deteriorates upon taking damage.
You are resistant to electric shocks. (rElec)


Message History

The orc priest moves out of view.
You see here a scroll of teleportation.
The orc hits you with a +1 hand axe of electrocution.
You see here a potion of curing.
You hit the orc.
The orc is heavily wounded.
You barely miss the orc.
The orc is heavily wounded.
The orc barely misses you.
The orc priest mumbles some strange prayers to Beogh against you.
Beogh smites you!
Your body deteriorates!
You feel clumsy.
You hit the orc.
You kill the orc!
Lugonu accepts your kill.
b - a potion of curing The orc closely misses you.
The orc priest throws a throwing net.
The throwing net barely misses you.
You see here a scroll of teleportation.
You hit the orc.
The orc is heavily wounded.
The orc closely misses you.
You closely miss the orc.
The orc is heavily wounded.
The orc priest mumbles some strange prayers to Beogh against you.
Beogh smites you!
You hit the orc but do no damage.
The orc is heavily wounded.
The orc priest calls down the wrath of Beogh upon you.
Beogh smites you! The orc hits you but does no damage.
The orc barely misses you.
You aren't carrying any items that you can evoke.
The orc priest invokes the aid of Beogh against you.
Beogh smites you!
* * * LOW HITPOINT WARNING * * *
Your body deteriorates!
You feel dopey.
You feel yourself speed up. The orc hits you but does no damage.
The orc priest invokes the aid of Beogh against you.
Pain shoots through your body!
You die...

#...######.##...#...# #.
#####...##..|..##...#.#.## #.#
#................(........
#.###.........................
#...............###.o.........
#.###............#............
#................o.)..........
#..#........#..........#......
#..........##...@.....[##.....
#..##.........................
.#.##.....(....≈≈≈≈≈≈.........
.#.##..(......≈≈####≈≈........
.#.##.........≈## ##≈.....#$.
.#.##...#.....≈# #≈....## .
.#.##...##....≈# #≈.....
.#.##...#.....≈# #≈......
....#........


You could see an orc priest and an orc.

Vanquished Creatures
  A black bear (D:5)
  A wyvern zombie (D:5)
  A scorpion (D:4)
  A bullfrog skeleton (D:5)
  A bullfrog zombie (D:5)
  A hound (D:3)
  An orc priest (D:3)
  A centaur skeleton (D:4)
  A jelly (D:4)
  An iguana (D:5)
  3 gnolls
  3 adders
  A river rat (D:3)
  A shadow imp (D:4)
  An adder zombie (D:5)
  3 worms
  4 dart slugs
  6 orcs
  8 bats
  8 endoplasms
  6 giant cockroaches
  8 goblins
  10 hobgoblins
  9 jackals
  5 quokkas
  4 ball pythons
  2 frilled lizards (D:1)
  A kobold (D:1)
  6 rats
99 creatures vanquished.

Notes
Turn   | Place    | Note
-------+----------+-------------------------------------------
     0 | Abyss:1  | bisexualwizard the Hill Orc Abyssal Knight began the quest
                  | for the Orb.
     0 | Abyss:1  | Reached XP level 1. HP: 19/19 MP: 2/2
     2 | Abyss:1  | Found a viscous altar of Jiyva.
    76 | Abyss:1  | Noticed a vampire
    81 | D:1      | Escaped the Abyss
   163 | D:1      | Reached skill level 3 in Axes
   239 | D:1      | Reached XP level 2. HP: 27/27 MP: 3/3
   475 | D:1      | Reached skill level 4 in Axes
   727 | D:1      | Reached * piety under Lugonu
   795 | D:1      | Reached XP level 3. HP: 29/33 MP: 4/4
  1137 | D:2      | Reached skill level 1 in Dodging
  1252 | D:2      | Found a faded altar of an unknown god.
  1494 | D:2      | Reached skill level 5 in Axes
  1670 | D:2      | Reached ** piety under Lugonu
  1674 | D:2      | Reached XP level 4. HP: 40/40 MP: 5/5
  2493 | D:2      | Gained mutation: You are partially covered in iridescent
                  | scales. (AC +2) [potion of mutation]
  2493 | D:2      | Gained mutation: Your body sometimes deteriorates upon
                  | taking damage. [potion of mutation]
  2493 | D:2      | Gained mutation: Your muscles are strong. (Str +2) [potion
                  | of mutation]
  2493 | D:2      | Gained mutation: You are resistant to electric shocks.
                  | (rElec) [potion of mutation]
  3103 | D:3      | Reached skill level 6 in Axes
  3103 | D:3      | Reached XP level 5. HP: 11/46 MP: 7/7
  3703 | D:3      | Lost mutation: You are partially covered in iridescent
                  | scales. (AC +2) [potion of mutation]
  3703 | D:3      | Lost mutation: Your muscles are strong. (Str +2) [potion of
                  | mutation]
  4369 | D:4      | Found a staircase to the Ecumenical Temple.
  4926 | D:4      | Reached skill level 7 in Axes
  4926 | D:4      | Reached XP level 6. HP: 51/52 MP: 8/8
  5207 | D:4      | Found a sparkling altar of Nemelex Xobeh.
  5460 | D:5      | Entered Level 5 of the Dungeon
  5460 | D:5      | Noticed a black bear
  6602 | D:5      | Reached skill level 8 in Axes
  6605 | D:5      | Reached XP level 7. HP: 33/60 MP: 9/9
  7136 | D:5      | Killed from afar by an orc priest

Illustrated notes

Levels and vault maps discovered:
D:1:      amcnicky_arrival_flooded_fountain, layout_rooms
D:2:      layout_loops_ring, ebering_ecumenical_altar_webs,
          minmay_goblin_outpost
D:3:      layout_loops_cross, gup_sewer_entry_spiral
D:4:      layout_cave_pods, nemelex_diamond_rough_becter,
          minmay_temple_entry_statues_pillars
D:5:      layout_basic, kennysheep_decorative_pillar

Skill      XL: |  1  2  3  4  5  6  7 |
---------------+----------------------+-----
Axes           | 3 4 5 6 7 8 |  8.6
Dodging        | 1 2 |  2.1
Invocations    | 3 4 |  4.1
Fighting       | 4 |  4.8
Armour         | |  2.1

Action                   |  1- 3 |  4- 6 |  7- 9 || total
-------------------------+-------+-------+-------++-------
Melee: Hand axe          |   145 |   214 |    48 ||   407
Invok: Depart the Abyss  |     1 |       |       ||     1
  Use: Potion            |     2 |     5 |     1 ||     8
       Scroll            |       |     4 |     3 ||     7
Armor: Leather armour    |    50 |    50 |       ||   100
       Ring mail         |       |    31 |    16 ||    47
Dodge: Dodged            |   113 |   148 |    32 ||   293

Table legend: (Time is in decaauts)
 A = Elapsed time spent in this place.
 B = Non-inter-level travel time spent in this place.
 C = Inter-level travel time spent in this place.
 D = Time resting spent in this place.
 E = Time spent auto-exploring this place.
 F = Levels seen in this place.
 G = Mean time per level.
                   A        B        C        D        E       F      G
               +--------+--------+--------+--------+--------+-----+--------+
         Total |   7195 |   6954 |    241 |   2776 |   3086 |   6 | 1199.2 |
       Dungeon |   7114 |   6873 |    241 |   2776 |   3032 |   5 | 1422.8 |
         Abyss |     81 |     81 |      0 |      0 |     54 |   1 |   81.0 |
               +--------+--------+--------+--------+--------+-----+--------+

Top non-repeatable levels by time:
     D:4: 2308 daAuts
     D:3: 1642 daAuts
     D:2: 1416 daAuts
     D:1: 1193 daAuts
     D:5: 554 daAuts
 Abyss:1: 81 daAuts
